 Dungeon Crawl Stone Soup version 0.30-a0-1164-ge08a67761e (webtiles) character file.

Game seed: 471203104567576512

626 Smoky173 the Destroyer (level 7, -4/41 HPs)
             Began as a Tengu Conjurer on Apr 29, 2023.
             Was an Initiate of Gozag.
             Slain by a sleepcap (15 damage)
             ... on level 4 of the Dungeon.
             The game lasted 00:08:34 (5527 turns).

Smoky173 the Destroyer (Tengu Conjurer)             Turns: 5527, Time: 00:08:35

Health: -4/41      AC: 14    Str:  7    XL:     7   Next: 47%
Magic:  1/11       EV:  2    Int: 20    God:    Gozag
Gold:   443        SH:  0    Dex: 13    Spells: 7/10 levels left

rFire   . . .        a - +2 dagger (protect)
rCold   . . .        (no shield)
rNeg    . . .        g - +0 robe
rPois   +            (helmet restricted)
rElec   .            (no cloak)
rCorr   .            i - +0 pair of gloves
SInv    .            (boots unavailable)
Will    .....        (no amulet)
Stlth   +++          f - +4 ring of protection
HPRegen 0.26/turn    n - ring of poison resistance
MPRegen 0.12/turn

%: no passive effects
@: sleeping, under a protective aura, flying quickly and evasively, quick
A: beak, talons 3, nimble flight
a: Renounce Religion, Potion Petition, Call Merchant, Bribe Branch


You were on level 4 of the Dungeon.
You worshipped Gozag.
Gozag was aware of your devotion.
You visited 2 branches of the dungeon, and saw 6 of its levels.

You collected 533 gold pieces.
You paid 90 gold pieces to Gozag.

Inventory:

Hand Weapons
 a - a +2 dagger of protection (weapon)
Armour
 g - a +0 robe (worn)
 i - a +0 pair of gloves (worn)
Jewellery
 f - a +4 ring of protection (left hand)
 n - a ring of poison resistance (right hand)
 s - a ring of resist corrosion
 t - a ring of fire
Wands
 y - a wand of mindburst (11)
Scrolls
 d - 2 scrolls of teleportation {unknown}
 l - a scroll of amnesia {unknown}
 o - 2 scrolls of vulnerability {unknown}
 p - 2 scrolls of identify {unknown}
 r - a scroll of poison {unknown}
 u - a scroll of enchant armour {unknown}
 w - a scroll of enchant weapon {unknown}
 A - 3 scrolls of magic mapping {unknown}
Potions
 b - a potion of magic
 c - 2 potions of lignification {unknown}
 e - 4 potions of curing {unknown}
 h - a potion of mutation {unknown}
 j - 2 potions of cancellation {unknown}
 k - 3 potions of brilliance {unknown}
 m - 2 potions of invisibility
 q - 2 potions of ambrosia
 v - 2 potions of resistance {unknown}
 x - a potion of haste {unknown}
 z - a potion of heal wounds {unknown}


   Skills:
 * Level 3.0 Fighting
 - Level 3.0 Short Blades
 + Level 3.0 Dodging
 - Level 5.0 Stealth
 - Level 2.0 Spellcasting
 - Level 8.0 Conjurations


You had 7 spell levels left.
You knew the following spells:

 Your Spells              Type           Power      Damage    Failure   Level
a - Magic Dart            Conj           100%       1d8       1%          1
b - Searing Ray           Conj           68%        2d6       1%          2

Your spell library contained the following spells:

 Spells                   Type           Power      Damage    Failure   Level
 Kiss of Death            Conj/Necr      72%        2d10      3%          1
 Dazzling Flash           Conj/Hex       36%        N/A       9%          3
 Fulminant Prism          Conj/Hex       9%         3d7       30%         4
 Iskenderun's Mystic Bla  Conj/Tloc      18%        2d6       30%         4
 Confusing Touch          Hex            2%         N/A       43%         3
 Dispel Undead            Necr           2%         3d7       83%         4
 Agony                    Necr           2%         N/A       99%         5
 Silence                  Hex/Air        1%         N/A       99%         5


Dungeon Overview and Level Annotations

Branches:
Dungeon (5/15)             Temple (1/1) D:4

Altars:
Ashenzari
Cheibriados
Dithmenos
Elyvilon
Fedhas
Gozag
Makhleb
Okawaru
Qazlal
Trog
Uskayaw
Wu Jian
Xom
Yredelemnul
Zin
The Shining One


Innate Abilities, Weirdness & Mutations

You have a beak for a mouth.
You have claws for feet.
Your magical nature lets you fly swiftly and evasively.


Message History

You are engulfed in a cloud of soporific spores!
You are unaffected.
There is a stone staircase leading up here.
The sleepcap closely misses you.
You fly upwards.
There is a stone staircase leading down here.
Casting: Magic Dart (safe; 1% risk of failure)
Confirm with . or Enter, or press ? or * to list all spells.
Aiming: Searing Ray (safe; 1% risk of failure)
Press: ? - help, Shift-Dir - straight line, f - sleepcap
Aim: a sleepcap (heavily damaged, 100% to hit)
The searing ray hits the sleepcap.
The sleepcap is heavily damaged. (Press . to maintain the ray.)
The sleepcap closely misses you.
Without enough magic to sustain it, your searing ray dissipates.
The sleepcap barely misses you.
You hit the sleepcap but do no damage.
Your weapon exudes an aura of protection.
You claw the sleepcap.
You peck the sleepcap, but do no damage.
The sleepcap is severely damaged.
The sleepcap barely misses you.
You hit the sleepcap but do no damage. You peck the sleepcap.
The sleepcap is severely damaged.
The sleepcap closely misses you.
You hit the sleepcap but do no damage. You claw the sleepcap.
The sleepcap is severely damaged.
The sleepcap closely misses you.
You hit the sleepcap.
You claw the sleepcap, but do no damage.
You peck the sleepcap, but do no damage.
The sleepcap is almost destroyed.
The sleepcap releases spores at you.
* * * LOW HITPOINT WARNING * * *
You are engulfed in a cloud of soporific spores!
You fall asleep.
The sleepcap releases spores at you!
You die...
Your body crumbles into a pile of gold.

#.# #.# ##########.#
#..........###
#.##.........####### #
#.##.#####.........# #
#.##.# ###.#.#####.#
###.##.###.#.#.#####.#
................@f##.#
###..#)###.#.#.##.##.#
.....#.......#.##.##.#
.....#...............#
.....#####..##.##.##.######
#...........##.##.#......)#
#.#..#####..##.##.#..######
#.#.........##.##.#..#
.....#####...........#


You could see a sleepcap.

Vanquished Creatures
  2 black bears
  2 scorpions (D:4)
  A hound (D:4)
  A jelly (D:4)
  Ijyb (D:4)
  9 adders
  3 gnolls
  A white imp (D:5)
  3 worms
  3 dart slugs
  7 orcs
  6 bats
  5 endoplasms
  2 giant cockroaches
  12 goblins
  12 hobgoblins
  6 quokkas
  9 ball pythons
  6 frilled lizards
  4 kobolds
  22 rats
117 creatures vanquished.

Notes
Turn   | Place    | Note
-------+----------+-------------------------------------------
     0 | D:1      | Smoky173 the Tengu Conjurer began the quest for the Orb.
     0 | D:1      | Reached XP level 1. HP: 10/10 MP: 4/4
   227 | D:1      | Reached XP level 2. HP: 15/15 MP: 1/6
   238 | D:1      | Learned a level 2 spell: Searing Ray
   302 | D:1      | Reached skill level 6 in Conjurations
   603 | D:1      | Reached XP level 3. HP: 19/19 MP: 5/7
   684 | D:1      | Found a faded altar of an unknown god.
  1186 | D:1      | Reached skill level 1 in Fighting
  1512 | D:2      | Reached skill level 1 in Short Blades
  1809 | D:2      | Found a snail-covered altar of Cheibriados.
  1868 | D:2      | Reached XP level 4. HP: 26/26 MP: 4/8
  2461 | D:3      | Gained mutation: Your magical nature lets you fly swiftly
                  | and evasively. [Tengu growth]
  2461 | D:3      | Reached XP level 5. HP: 32/32 MP: 3/9
  2953 | D:3      | Noticed a black bear
  2964 | D:3      | Killed a black bear
  2965 | D:3      | Reached XP level 6. HP: 10/37 MP: 1/10
  3774 | D:4      | Reached skill level 5 in Stealth
  3894 | D:4      | Noticed a black bear
  3907 | D:4      | Killed a black bear
  3908 | D:4      | Reached skill level 7 in Conjurations
  4047 | D:4      | Noticed Ijyb
  4116 | D:4      | Found a staircase to the Ecumenical Temple.
  4128 | Temple   | Entered the Ecumenical Temple
  4281 | Temple   | Became a worshipper of Gozag Ym Sagoz the Greedy
  4331 | D:4      | Reached XP level 7. HP: 41/41 MP: 1/11
  4486 | D:4      | Killed Ijyb
  4767 | D:4      | Reached skill level 8 in Conjurations
  4829 | D:4      | Found a hide-covered altar of Uskayaw.
  4830 | D:4      | Found a blossoming altar of Fedhas.
  4830 | D:4      | Found a white marble altar of Elyvilon.
  4856 | D:4      | Found a stormy altar of Qazlal.
  5505 | D:5      | Entered Level 5 of the Dungeon
  5527 | D:4      | Slain by a sleepcap

Illustrated notes

Levels and vault maps discovered:
D:1:      heliophobic_arrival_battle_scene, layout_basic,
          chequers_ecumenical_altar_twisty
D:2:      layout_loops_ring, basic_altar
D:3:      layout_basic, minmay_joined_circles
D:4:      layout_basic, chequers_temple_overflow_statue_of_worship,
          minmay_temple_entry_trees, minmay_rat_hole, uniq_ijyb
D:5:      layout_basic, serial_shops, nicolae_shop_back_alley_shop,
          minmay_increasing_density, uniq_sigmund
Temple:   nicolae_temple_godzebo

Skill      XL: |  1  2  3  4  5  6  7 |
---------------+----------------------+-----
Conjurations   | 6 7 8 |  8.0
Dodging        | 3 |  3.0
Fighting       | 1 3 |  3.0
Short Blades   | 1 3 |  3.0
Stealth        | 4 5 |  5.0
Spellcasting   | |  2.0

Action                     |  1- 3 |  4- 6 |  7- 9 || total
---------------------------+-------+-------+-------++-------
  Melee: Dagger            |     3 |    12 |    29 ||    44
         Kick              |     1 |     4 |    15 ||    20
         Peck              |       |     2 |     6 ||     8
   Cast: Magic Dart        |    55 |    69 |    60 ||   184
         Searing Ray       |     3 |    11 |     3 ||    17
    Use: Potion            |       |     1 |       ||     1
   Stab: Distracted        |       |       |     1 ||     1
 Armour: Robe              |       |    27 |     9 ||    36
  Dodge: Dodged            |     3 |    66 |    40 ||   109

Table legend: (Time is in decaauts)
 A = Elapsed time spent in this place.
 B = Non-inter-level travel time spent in this place.
 C = Inter-level travel time spent in this place.
 D = Time resting spent in this place.
 E = Time spent auto-exploring this place.
 F = Levels seen in this place.
 G = Mean time per level.
                   A        B        C        D        E       F      G
               +--------+--------+--------+--------+--------+-----+--------+
         Total |   5357 |   5204 |    153 |    170 |   4376 |   6 |  892.8 |
       Dungeon |   5133 |   5002 |    131 |    170 |   4228 |   5 | 1026.6 |
        Temple |    223 |    202 |     21 |      0 |    147 |   1 |  223.0 |
               +--------+--------+--------+--------+--------+-----+--------+

Top non-repeatable levels by time:
     D:4: 1402 daAuts
     D:1: 1386 daAuts
     D:3: 1291 daAuts
     D:2: 1039 daAuts
  Temple: 223 daAuts
     D:5: 14 daAuts
